 Dungeon Crawl Stone Soup version 0.28-a0-1347-g113dc556a4 (webtiles) character file.

Game seed: 4602803281628386428

15915 freelancePsychic the Fighter (level 12, 0/97 HPs)
             Began as a Demonspawn Wanderer on Dec 30, 2021.
             Was a High Priest of Kikubaaqudgha.
             Slain by an orc (3 damage)
             ... on level 2 of the Orcish Mines.
             The game lasted 00:37:23 (17054 turns).

freelancePsychic the Fighter (Demonspawn Wanderer) Turns: 17054, Time: 00:37:25

Health: 0/97       AC: 13    Str: 10    XL:     12   Next: 5%
Magic:  21/24      EV: 14    Int: 26    God:    Kikubaaqudgha [*****.]
Gold:   671        SH:  0    Dex: 12    Spells: 11/27 levels left

rFire   . . .      SeeInvis .   t - +0 dagger (speed)
rCold   + . .      Faith    .   (no shield)
rNeg    . . .      Spirit   .   D - +2 ring mail {rPois}
rPois   +          Reflect  .   c - +1 helmet
rElec   .          Harm     .   (no cloak)
rCorr   .          Rampage  .   F - +1 pair of gloves of Discretion {rC+}
Will    .....                   n - +0 pair of boots
Stlth   +.........              (no amulet)
HPRegen 0.26/turn               A - +4 ring of slaying
MPRegen 0.19/turn               B - +4 ring of evasion

@: no status effects
A: powered by pain 1, big brain 2, demonic touch 2
a: Renounce Religion, Receive Corpses, Torment


You were on level 2 of the Orcish Mines.
You worshipped Kikubaaqudgha.
Kikubaaqudgha was extremely pleased with you.
You visited 3 branches of the dungeon, and saw 16 of its levels.
You also visited: Bailey.

You collected 671 gold pieces.

Inventory:

Hand Weapons
 a - a +0 dagger
 r - a +0 whip of venom
 t - a +0 dagger of speed (weapon)
Missiles
 L - 4 throwing nets
Armour
 b - a +0 robe
 c - a +1 helmet (worn)
 d - a +0 pair of gloves
 n - a +0 pair of boots (worn)
 D - a +2 ring mail of poison resistance (worn)
 F - the +1 pair of gloves of Discretion (worn) {rC+}
   (You found it on level 9 of the Dungeon)

   rC:        It protects you from cold.
Jewellery
 k - a ring of see invisible
 q - a ring of poison resistance
 v - a ring of magical power
 z - a ring of protection from fire
 A - a +4 ring of slaying (left hand)
 B - a +4 ring of evasion (right hand)
Wands
 g - a wand of paralysis (12)
 u - a wand of flame (59)
 G - a wand of acid (5)
Scrolls
 e - 4 scrolls of vulnerability
 y - a scroll of brand weapon
 E - a scroll of silence
 H - a scroll of identify {@r1}
 O - a scroll of blinking
Potions
 j - 3 potions of attraction
 m - a potion of curing {@q1}
 p - a potion of flight {unknown}
 s - 2 potions of mutation {unknown}
 w - 2 potions of ambrosia {unknown}
 C - 2 potions of might {unknown}
 J - 2 potions of brilliance {unknown}
 K - a potion of magic {unknown}
 M - a potion of cancellation {unknown}


   Skills:
 - Level 10.0 Fighting
 - Level 3.6 Short Blades
 - Level 5.0 Armour
 - Level 1.6 Dodging
 - Level 1.0 Stealth
 + Level 8.2 Spellcasting
 + Level 8.7 Necromancy
 - Level 4.5 Ice Magic
 + Level 7.1 Earth Magic
 - Level 5.4 Poison Magic
 - Level 2.4 Invocations


You had 11 spell levels left.
You knew the following spells:

 Your Spells              Type           Power      Damage    Failure   Level
a - Dispel Undead         Necr           54%        3d20      3%          4
b - Frozen Ramparts       Ice            68%        1d8       6%          3
c - Borgnjor's Vile Clut  Necr/Erth      25%        N/A       14%         5
d - Olgreb's Toxic Radia  Pois           38%        N/A       14%         4

Your spell library contained the following spells:

 Spells                   Type           Power      Damage    Failure   Level
 Animate Skeleton         Necr           100%       N/A       1%          1
 Freeze                   Ice            100%       1d11      1%          1
 Pain                     Necr           100%       1d9       1%          1
 Sublimation of Blood     Necr           54%        N/A       1%          2
 Vampiric Draining        Necr           54%        2d9       1%          3
 Corpse Rot               Necr/Air       66%        N/A       3%          2
 Sting                    Tmut/Pois      96%        1d7       4%          1
 Agony                    Necr           54%        N/A       10%         5
 Excruciating Wounds      Necr           27%        N/A       10%         5
 Apportation              Tloc           20%        N/A       13%         1
 Shock                    Conj/Air       40%        1d5       13%         1
 Summon Small Mammal      Summ           40%        N/A       13%         1
 Spider Form              Tmut/Pois      24%        N/A       13%         3
 Blink                    Tloc           20%        N/A       21%         2
 Lesser Beckoning         Tloc           10%        N/A       36%         3
 Swiftness                Air            10%        N/A       36%         3
 Hailstorm                Conj/Ice       22%        3d7       45%         4
 Airstrike                Air            5%         N/A       78%         4
 Simulacrum               Ice/Necr       22%        N/A       78%         6
 Manifold Assault         Tloc           10%        N/A       98%         5


Dungeon Overview and Level Annotations

Branches:
Dungeon (13/15)            Temple (1/1) D:4            Lair (0/6) D:8
    Orc (2/2) D:9             Elf (0/3) Orc:2        Bailey (visited)
 Vaults: D:13-14

Altars:
Ashenzari
Cheibriados
Dithmenos
Elyvilon
Fedhas
Gozag
Hepliaklqana
Kikubaaqudgha
Makhleb
Nemelex Xobeh
Okawaru
Qazlal
Ru
Sif Muna
Trog
Uskayaw
Vehumet
Wu Jian
Xom
Yredelemnul
Zin
The Shining One

Shops:
Orc:2 [*

Annotations:
D:5 3 runed translucent doors, blank1's ghost, novice HOCA
D:9 1 runed translucent door, Adrian566's ghost, journeyman DrFi
Orc:1 Josephine


Innate Abilities, Weirdness & Mutations

You sometimes gain a little power by taking damage.
You have an extremely huge brain. (Int +4)
Your touch may inflict irresistible damage on your foes.


Message History

* * * LOW HITPOINT WARNING * * *
The orc warrior barely misses you.
Found 25 gold pieces.
The warg howls!
The orc warrior throws a silver boomerang.
The silver boomerang hits you but does no damage.
The silver sears you!
* * * LOW HITPOINT WARNING * * *
The orc warrior hits you from afar with a +0 halberd!
* * * LOW HITPOINT WARNING * * *
Your extra speed is starting to run out.
The orc shouts! x2
You feel yourself slow down. The orc completely misses you.
The orc knight roars a battlecry!
The orcs go into a battle-frenzy!
The ettin shouts in stereo!
You hear a shout!
The orc warrior no longer looks unusually strong.
The orc warrior barely misses you. The troll bites you.
* * * LOW HITPOINT WARNING * * *
The troll claws you but does no damage. x2
The orc knight roars a battlecry!
The orcs go into a battle-frenzy!
The orc no longer looks unusually strong.
The orc warrior barely misses you.
The orc hits the fungus with a +0 short sword.
The fungus begins to die.
The orc knight roars a battlecry!
The orcs go into a battle-frenzy!
The orc warrior hits the fungus with a +0 glaive.
The fungus begins to die.
The warg bites the fungus!
The orc warrior throws a silver boomerang.
The silver boomerang hits you.
* * * LOW HITPOINT WARNING * * *
The silver sears you!
* * * LOW HITPOINT WARNING * * *
The orc hits you with a +0 flail.
You die...
Kikubaaqudgha rasps: "You have failed me!
Welcome... death!"

>..#....# ......8...P.......
.........###.............P....
.$.......##.........∩.........
........................P......
.................P.....o.P.....
..............#................
......o........##..........P.....
o......#......#..................
...## #........C@..#.......o.....
.....##....$....To#o.......O.....
...)............ooo..#..o........
..^............ooo..O##o..#....##
....).........PooP..o.o......###
......$.)...P..o.h..oO.......#
......)......8.......#....#.##
......)...................###
........)..P...∩.....#...##


You could see an orc warlord (strong), an orc knight, an ettin, a troll, a warg,
8 orc warriors, 2 ogres and 4 orcs.

Vanquished Creatures
  Harold (Orc:1)
  2 two-headed ogres (D:10)
  An orc high priest (Orc:2)
  A deep elf pyromancer (D:12)
  An orc sorcerer (Orc:1)
  3 manticores
  Psyche (D:12)
  2 kobold demonologists
  A troll (Orc:2)
  3 hornets
  3 shadows
  3 wraiths
  A vampire (D:9)
  6 yaks (D:9)
  11 vampire mosquitoes
  A warg (D:9)
  An acid dragon (D:9)
  2 water moccasins
  Duvessa (D:7)
  7 orc warriors
  A black bear (D:4)
  13 centaurs
  5 ogres
  A phantom (D:6)
  A kobold brigand (D:8)
  A bullfrog (D:7)
  2 scorpions
  Dowan (D:7)
  6 wights
  6 killer bees (D:10)
  2 howler monkeys (D:11)
  8 vampire bats (Bailey)
  5 centaur zombies
  A lava snake (D:9)
  6 wolf zombies (Bailey)
  4 hounds
  A bullfrog skeleton (D:3)
  12 orc priests
  3 jellies
  A gnoll shaman (D:5)
  3 iguanas
  17 orc wizards
  12 gnolls
  6 adders
  A white imp (D:8)
  An adder skeleton (D:4)
  A worm (D:3)
  3 dart slugs
  50 orcs
  5 endoplasms
  5 giant cockroaches
  8 goblins
  2 hobgoblins
  2 jackals (D:2)
  11 kobolds
  4 ball pythons
  8 bats
  2 frilled lizards
  14 orc zombies (Bailey)
  5 rats
292 creatures vanquished.

Vanquished Creatures (collateral kills)
  A gargoyle (Bailey)
1 creature vanquished.

Vanquished Creatures (others)
  6 fungi (Orc:2)
  3 plants (D:9)
9 creatures vanquished.

Grand Total: 302 creatures vanquished

Notes
Turn   | Place    | Note
-------+----------+-------------------------------------------
     0 | D:1      | freelancePsychic the Demonspawn Wanderer began the quest
                  | for the Orb.
     0 | D:1      | freelancePsychic set off with the following items: a +0
                  | dagger, a +0 robe, a +0 helmet; and the following spell
                  | memorised: Sting; and the following spells available to
                  | memorise: Sublimation of Blood, Corpse Rot, Spider Form,
                  | Olgreb's Toxic Radiance
     0 | D:1      | Reached XP level 1. HP: 15/15 MP: 4/4
   181 | D:1      | Reached skill level 1 in Ice Magic
   389 | D:1      | Gained mutation: You have an unusually large brain. (Int
                  | +2) [demonic ancestry]
   389 | D:1      | Reached XP level 2. HP: 21/21 MP: 4/6
   823 | D:2      | Gained mutation: You sometimes gain a little power by
                  | taking damage. [demonic ancestry]
   823 | D:2      | Reached XP level 3. HP: 17/26 MP: 2/7
  1108 | D:2      | Learned a level 3 spell: Frozen Ramparts
  2794 | D:3      | Reached XP level 4. HP: 32/32 MP: 8/8
  3376 | D:4      | Gained mutation: Your touch may inflict minor irresistible
                  | damage on your foes. [demonic ancestry]
  3376 | D:4      | Reached XP level 5. HP: 36/37 MP: 9/9
  3572 | D:4      | Noticed a black bear
  3584 | D:4      | Killed a black bear
  3585 | D:4      | Reached skill level 1 in Dodging
  3654 | D:4      | Gained mutation: Your touch may inflict irresistible damage
                  | on your foes. [demonic ancestry]
  3654 | D:4      | Reached XP level 6. HP: 44/44 MP: 5/11
  3659 | D:4      | Reached skill level 2 in Fighting
  4166 | D:4      | Found a staircase to the Ecumenical Temple.
  4175 | Temple   | Entered the Ecumenical Temple
  4223 | Temple   | Became a worshipper of Kikubaaqudgha
  4305 | D:5      | Entered Level 5 of the Dungeon
  4519 | D:5      | Reached skill level 1 in Short Blades
  4525 | D:5      | Gained mutation: You have an extremely huge brain. (Int +4)
                  | [demonic ancestry]
  4525 | D:5      | Reached XP level 7. HP: 35/51 MP: 9/13
  5028 | D:5      | Reached skill level 3 in Fighting
  6024 | D:5      | Found a runed translucent gate.
  6025 | D:5      | Found a runed translucent gate.
  6025 | D:5      | Found a runed translucent gate.
  6025 | D:5      | Noticed blank1's ghost (novice HOCA)
  6301 | D:6      | Reached skill level 4 in Fighting
  6301 | D:6      | Reached XP level 8. HP: 58/60 MP: 15/15
  6370 | D:6      | Reached skill level 5 in Spellcasting
  6581 | D:6      | Noticed a kobold demonologist
  6600 | D:6      | Noticed an orange demon
  6605 | D:6      | Killed a kobold demonologist
  6606 | D:6      | Reached skill level 1 in Armour
  6677 | D:6      | Learned a level 4 spell: Olgreb's Toxic Radiance
  6943 | D:7      | Reached skill level 5 in Fighting
  6962 | D:7      | Reached skill level 5 in Poison Magic
  6989 | D:7      | Found a flagged portal.
  7156 | Bailey   | Entered a bailey
  7197 | Bailey   | Reached * piety under Kikubaaqudgha
  7197 | Bailey   | Received a gift from Kikubaaqudgha
  7198 | Bailey   | Reached XP level 9. HP: 62/68 MP: 17/17
  7881 | Bailey   | Reached skill level 6 in Fighting
  8308 | Bailey   | Noticed a gargoyle
  8317 | Bailey   | Killed a gargoyle
  8816 | D:7      | Noticed Dowan
  8820 | D:7      | Noticed Duvessa
  8831 | D:7      | Killed Duvessa
  8831 | D:7      | Reached ** piety under Kikubaaqudgha
  8832 | D:7      | Killed Dowan
  9474 | D:7      | Reached skill level 7 in Fighting
  9907 | D:8      | Found a staircase to the Lair.
 10014 | D:8      | Found a faded altar of an unknown god.
 10247 | D:8      | Reached XP level 10. HP: 69/79 MP: 11/21
 10657 | D:9      | Reached skill level 5 in Armour
 10930 | D:9      | Reached *** piety under Kikubaaqudgha
 10930 | D:9      | Received a gift from Kikubaaqudgha
 11292 | D:9      | Learned a level 4 spell: Dispel Undead
 11298 | D:9      | Learned a level 5 spell: Borgnjor's Vile Clutch
 11307 | D:9      | Reached skill level 1 in Earth Magic
 11429 | D:9      | Found a staircase to the Orcish Mines.
 11434 | D:9      | Identified the +1 pair of gloves of Discretion {rC+}
 11586 | D:9      | Noticed Adrian566's ghost (journeyman DrFi)
 11595 | D:9      | Found a runed translucent door.
 12054 | D:9      | Reached skill level 8 in Fighting
 12254 | D:10     | Entered Level 10 of the Dungeon
 12491 | D:10     | Noticed a two-headed ogre
 12510 | D:10     | Killed a two-headed ogre
 12511 | D:10     | Reached skill level 5 in Necromancy
 12739 | D:10     | Found a shimmering blue altar of Sif Muna.
 12762 | D:10     | Noticed a two-headed ogre
 12768 | D:10     | Noticed an orange demon
 12770 | D:10     | Noticed a rust devil
 12869 | D:10     | Killed a two-headed ogre
 12870 | D:10     | Reached skill level 9 in Fighting
 12870 | D:10     | Reached XP level 11. HP: 89/89 MP: 3/22
 13619 | D:11     | Reached **** piety under Kikubaaqudgha
 13795 | D:11     | Reached skill level 5 in Earth Magic
 14358 | D:12     | Noticed Psyche
 14897 | D:12     | Noticed a deep elf pyromancer
 14911 | D:12     | Killed a deep elf pyromancer
 15607 | D:12     | Killed Psyche
 15769 | D:12     | Reached skill level 10 in Fighting
 16158 | Orc:1    | Entered Level 1 of the Orcish Mines
 16531 | Orc:1    | Noticed Josephine
 16552 | Orc:1    | Noticed an orc sorcerer
 16563 | Orc:1    | Killed an orc sorcerer
 16563 | Orc:1    | Reached ***** piety under Kikubaaqudgha
 16577 | Orc:1    | Noticed Harold
 16686 | Orc:1    | Killed Harold
 16934 | Orc:2    | Entered Level 2 of the Orcish Mines
 16934 | Orc:2    | Noticed an ettin
 16934 | Orc:2    | Found Niequjirch's Antique Armour Shoppe.
 16934 | Orc:2    | Noticed an orc high priest
 16939 | Orc:2    | Noticed an orc sorcerer
 16945 | Orc:2    | Found a staircase to the Elven Halls.
 16946 | Orc:2    | Noticed an orc knight
 16946 | Orc:2    | Noticed an orc knight
 16993 | Orc:2    | Killed an orc high priest
 16994 | Orc:2    | Reached XP level 12. HP: 61/97 MP: 8/24
 17024 | Orc:2    | Found Faosassua's General Store.
 17024 | Orc:2    | Noticed an orc warlord
 17054 | Orc:2    | HP: 4/97 [orc warrior/silver boomerang (5)]
 17054 | Orc:2    | Slain by an orc

Illustrated notes

Levels and vault maps discovered:
D:1:      matt_arrival_diagonals, layout_rooms
D:2:      layout_rooms
D:3:      layout_rooms, roderic_malta_cross, chequers_mini_garden
D:4:      layout_basic, minmay_temple_entry_fiery
D:5:      layout_basic, gammafunk_ghost_nasty_kobolds
D:6:      layout_rooms, sigmund_army
D:7:      layout_loops_ring, enter_bailey_3, uniq_duvessa
D:8:      layout_cave_pods, dpeg_oklobed_lair, serial_column_ruins,
          column_ruins_hut_ruined, column_ruins_temple_hall,
          column_ruins_columns_T, column_ruins_open_tiny_water,
          column_ruins_grid_1, column_ruins_corridor_straight,
          column_ruins_grid_1, column_ruins_open_tiny, column_ruins_grid_3,
          minivault_27
D:9:      layout_rooms, david_orc_3, hellmonk_ghost_big_iron,
          kennysheep_cross_bottleneck, hangedman_abyss_or_decor_stagger,
          grunt_decor_fettered
D:10:     layout_roguey, mainiacjoe_overflow_concentric_impassable
D:11:     layout_rooms
D:12:     layout_loops_ring, serial_co_window_serial, co_window_paths_a,
          co_window_corner_a, co_window_paths_b, co_window_corner_a,
          co_window_paths_b, co_window_corner_b, co_window_corner_ca,
          co_window_unsneaky_path_d, co_window_corner_cb, co_window_cross_3,
          co_window_sun, glass_columns_a, grunt_ministairs_1, uniq_psyche
D:13:     minmay_polygon_palace, layout_loops_cross,
          grunt_vaults_entry_fortified, hangedman_feature_mirror
Temple:   dpeg_three_leaves_temple
Orc:1:    layout_caves, uniq_josephine, uniq_erolcha, uniq_harold
Orc:2:    grunt_orc_gardens, layout_caves, grunt_orc_garden, grunt_orc_garden,
          grunt_orc_garden, grunt_orc_garden, mines2_david

Skill      XL: |  1  2  3  4  5  6  7  8  9 10 11 |
---------------+----------------------------------+-----
Ice Magic      | 1 2 3 4 |  4.5
Dodging        | 1 |  1.6
Fighting       | 2 4 5 7 9 10 | 10.0
Short Blades   | 1 2 3 |  3.6
Spellcasting   | 4 5 7 8 |  8.2
Poison Magic   | 3 5 |  5.4
Armour         | 2 4 5 |  5.0
Necromancy     | 5 8 |  8.7
Earth Magic    | 4 7 |  7.1
Stealth        | |  1.0
Invocations    | |  2.4

Action                   |  1- 3 |  4- 6 |  7- 9 | 10-12 || total
-------------------------+-------+-------+-------+-------++-------
Melee: Dagger            |    78 |    64 |   410 |   281 ||   833
       Touch             |       |     5 |    98 |    62 ||   165
       Whip              |       |    12 |       |       ||    12
 Cast: Sting             |    67 |    11 |     2 |       ||    80
       Frozen Ramparts   |       |    13 |    32 |    27 ||    72
       Olgreb's Toxic Ra |       |       |     5 |    60 ||    65
       Dispel Undead     |       |       |       |    23 ||    23
  Use: Scroll            |     1 |       |    11 |    13 ||    25
       Potion            |       |       |     2 |     6 ||     8
 Stab: Sleeping          |       |     1 |     2 |       ||     3
Armor: Robe              |    39 |    34 |    12 |       ||    85
       Ring mail         |       |       |   129 |   102 ||   231
Dodge: Dodged            |    82 |    49 |   248 |   220 ||   599

Table legend: (Time is in decaauts)
 A = Elapsed time spent in this place.
 B = Non-inter-level travel time spent in this place.
 C = Inter-level travel time spent in this place.
 D = Time resting spent in this place.
 E = Time spent auto-exploring this place.
 F = Levels seen in this place.
 G = Mean time per level.
                   A        B        C        D        E       F      G
               +--------+--------+--------+--------+--------+-----+--------+
         Total |  16762 |  16351 |    411 |   2334 |  11560 |  17 |  986.0 |
       Dungeon |  14701 |  14316 |    385 |   1738 |  10656 |  13 | 1130.8 |
        Temple |     56 |     49 |      7 |      0 |      0 |   1 |   56.0 |
  Orcish Mines |    856 |    839 |     17 |     95 |    519 |   2 |  428.0 |
        Bailey |   1147 |   1147 |      0 |    500 |    385 |   1 | 1147.0 |
               +--------+--------+--------+--------+--------+-----+--------+

Top non-repeatable levels by time:
     D:5: 1735 daAuts
    D:12: 1642 daAuts
     D:7: 1552 daAuts
     D:2: 1416 daAuts
     D:8: 1314 daAuts
     D:9: 1264 daAuts
  Bailey: 1147 daAuts
    D:11: 1022 daAuts
    D:10: 984 daAuts
     D:1: 983 daAuts
     D:4: 971 daAuts
     D:3: 914 daAuts
     D:6: 799 daAuts
   Orc:1: 768 daAuts
    D:13: 101 daAuts
